 Dungeon Crawl Stone Soup version 0.30.1-11-g7821555f0a (webtiles) character file.

Game seed: 4834505840647648243

1134 comborobin the Basher (level 8, 0/58 HPs)
             Began as a Formicid Delver on Dec 18, 2023.
             Was a Priest of Cheibriados.
             Killed from afar by a white imp (3 damage)
             ... with a puff of frost
             ... on level 5 of the Dungeon.
             The game lasted 00:06:03 (5186 turns).

comborobin the Basher (Formicid Delver)             Turns: 5186, Time: 00:06:05

Health: 0/58       AC:  4    Str: 26    XL:     8   Next: 62%
Magic:  8/8        EV: 12    Int: 15    God:    Cheibriados [***...]
Gold:   289        SH:  0    Dex: 21    Spells: 7/7 levels left

rFire   + + .        a - +0 giant club
rCold   + + .        (shield currently unavailable)
rNeg    . . .        j - +2 robe {rC+ rF+}
rPois   .            (helmet unavailable)
rElec   .            (no cloak)
rCorr   .            (no gloves)
SInv    +            (no boots)
Will    .....        y - amulet of regeneration
Stlth   ++++         g - ring of protection from cold
HPRegen 1.09/turn    x - ring of protection from fire
MPRegen 0.11/turn

%: no passive effects
@: mighty, brilliant, very slow
A: permanent stasis, dig shafts and tunnels, antennae 3, four strong arms
a: Dig, Shaft Self, Renounce Religion, Bend Time, Temporal Distortion


You were on level 5 of the Dungeon.
You worshipped Cheibriados.
Cheibriados was most pleased with you.
You visited 2 branches of the dungeon, and saw 7 of its levels.

You collected 289 gold pieces.

Inventory:

Hand Weapons
 a - a +0 giant club (weapon)
 v - a +0 falchion of flaming
 B - a +0 flail
Missiles
 n - 21 poisoned darts
Armour
 b - a +0 leather armour
 j - a +2 robe of resistance (worn)
Jewellery
 g - a ring of protection from cold (left hand)
 x - a ring of protection from fire (right hand)
 y - an amulet of regeneration (around neck)
Wands
 f - a wand of digging (3)
 w - a wand of flame (23)
Scrolls
 c - a scroll of fog
 d - a scroll of magic mapping
 e - a scroll of fear
 h - 2 scrolls of vulnerability
 m - a scroll of immolation {unknown}
 o - a scroll of identify
 p - a scroll of acquirement {unknown}
 q - 2 scrolls of teleportation {unknown}
 s - a scroll of enchant armour {unknown}
 A - a scroll of noise {unknown}
Potions
 i - a potion of resistance {unknown}
 k - a potion of mutation
 r - a potion of brilliance
 t - a potion of magic {unknown}
 u - a potion of haste {unknown}
 z - a potion of might


   Skills:
 - Level 3.2 Fighting
 + Level 9.9 Maces & Flails
 - Level 1.7 Dodging
 - Level 6.0 Stealth


You had 7 spell levels left.
You didn't know any spells.
Your spell library contained the following spells:

 Spells                   Type           Power      Damage    Failure   Level
 Sandblast                Erth           0%         2d4       26%         1
 Slow                     Hex            0%         N/A       26%         1
 Ensorcelled Hibernation  Hex/Ice        0%         N/A       38%         2
 Passwall                 Tmut/Erth      0%         N/A       38%         2
 Confusing Touch          Hex            0%         N/A       63%         3
 Spider Form              Tmut/Pois      0%         N/A       63%         3
 Stone Arrow              Conj/Erth      0%         3d7       63%         3
 Vampiric Draining        Necr           0%         2d6       63%         3
 Anguish                  Hex/Necr       0%         N/A       95%         4
 Iskenderun's Battlesphe  Conj           0%         2d6       100%        5
 Iron Shot                Conj/Erth      0%         9d1       100%        6
 Spellforged Servitor     Conj/Summ      0%         N/A       100%        7


Dungeon Overview and Level Annotations

Branches:
Dungeon (6/15)             Temple (1/1) D:4

Altars:
Ashenzari
Cheibriados
Nemelex Xobeh
Okawaru
Ru
Sif Muna
Trog
Vehumet
Wu Jian
Xom
Yredelemnul
The Shining One


Innate Abilities, Weirdness & Mutations

You cannot be hasted, slowed, berserked, paralysed or teleported.
You can dig through walls and to a lower floor.
You have a pair of large antennae on your head. (SInv)
Your four strong arms can wield two-handed weapons with a shield.


Message History

The centaur barely misses you. The centaur kicks you.
The white imp gestures at you. The puff of frost hits you. You resist.
The centaur misses you. The centaur closely misses you.
You closely miss the centaur.
The centaur hits you but does no damage.
The centaur barely misses you. The white imp hits you.
The white imp freezes you. You resist. The centaur hits you.
The centaur kicks you.
Unknown command.
You barely miss the centaur. The white imp gestures at you.
The puff of frost hits you. You resist. The centaur hits you.
* * * LOW HITPOINT WARNING * * *
The centaur kicks you but does no damage.
A jelly comes into view.
Unknown command.
The jelly quivers.
You sock the centaur!
The centaur is heavily wounded.
The centaur barely misses you. The centaur misses you. The white imp hits you.
* * * LOW HITPOINT WARNING * * *
The white imp freezes you. You resist.
* * * LOW HITPOINT WARNING * * *
The centaur hits you.
* * * LOW HITPOINT WARNING * * *
The centaur barely misses you.
You barely miss the centaur.
The centaur is heavily wounded.
The white imp hits you.
* * * LOW HITPOINT WARNING * * *
The white imp freezes you. You resist.
* * * LOW HITPOINT WARNING * * *
The centaur hits you.
* * * LOW HITPOINT WARNING * * *
The centaur kicks you but does no damage.
The centaur barely misses you. x2
The white imp gestures at you. The puff of frost hits you. You resist.
You die...

#.......... .#
#.......... #.# #
{#.......... #.J# ###.
#.#.#####'# ....##..##
{##.#(....#..
.......####..#.....'..
#..f.#.....##'######
.#### #5c######.....###..
......##@#....'.....'....
..............#.....#(...
........#..##.#.....#####
#########..##.#####......
..........'.....#......
..........#.....#......
###########.....'......
#....##......
######....###


You could see a sleepcap, a centaur, a jelly and a white imp.

Vanquished Creatures
  A black bear (D:4)
  An ogre (D:5)
  2 phantoms
  4 scorpions
  2 jellies (D:5)
  A howler monkey (D:5)
  3 hounds
  3 iguanas (D:5)
  2 orc wizards
  8 gnolls
  5 adders
  An ufetubus (D:4)
  A worm (D:5)
  3 dart slugs
  4 orcs (D:3)
  14 endoplasms
  8 goblins
  4 hobgoblins
  4 jackals (D:5)
  3 kobolds (D:3)
  3 quokkas
  6 ball pythons
  4 bats
  3 frilled lizards
  5 rats
95 creatures vanquished.

Notes
Turn   | Place    | Note
-------+----------+-------------------------------------------
     0 | D:5      | comborobin the Formicid Delver began the quest for the Orb.
     0 | D:5      | Reached XP level 1. HP: 18/18 MP: 1/1
    21 | D:5      | Noticed an iguana
    21 | D:5      | Noticed a scorpion
    21 | D:5      | Noticed an iguana
    60 | D:5      | Noticed an ogre
    87 | D:5      | Reached XP level 2. HP: 20/24 MP: 2/2
   120 | D:5      | Reached skill level 3 in Maces & Flails
   120 | D:5      | Reached XP level 3. HP: 19/29 MP: 3/3
   167 | D:5      | Noticed a scorpion
   266 | D:5      | Reached skill level 4 in Maces & Flails
   266 | D:5      | Reached XP level 4. HP: 7/35 MP: 4/4
   382 | D:5      | Reached XP level 5. HP: 34/41 MP: 5/5
   442 | D:5      | Reached skill level 5 in Maces & Flails
   669 | D:4      | Reached XP level 6. HP: 9/47 MP: 6/6
   864 | D:4      | Found a staircase to the Ecumenical Temple.
   892 | Temple   | Entered the Ecumenical Temple
  1075 | Temple   | Became a worshipper of Cheibriados the Contemplative
  1170 | D:3      | HP: 1/47 [gnoll/+0 spear (5)]
  1347 | D:4      | Reached skill level 6 in Maces & Flails
  2707 | D:1      | Reached * piety under Cheibriados
  2738 | D:1      | Found a faded altar of an unknown god.
  3362 | D:3      | Found a sparkling altar of Nemelex Xobeh.
  3410 | D:3      | Found an iron altar of Okawaru.
  3616 | D:3      | Reached ** piety under Cheibriados
  3883 | D:4      | Reached XP level 7. HP: 45/52 MP: 7/7
  3938 | D:4      | Reached skill level 7 in Maces & Flails
  4307 | D:4      | Reached skill level 8 in Maces & Flails
  4742 | D:5      | Reached XP level 8. HP: 11/58 MP: 8/8
  4789 | D:5      | Reached skill level 9 in Maces & Flails
  4798 | D:5      | Reached *** piety under Cheibriados
  4883 | D:5      | Found a broken altar of Ashenzari.
  5186 | D:5      | Killed from afar by a white imp

Illustrated notes

Levels and vault maps discovered:
D:1:      dpeg_arrival_lava_altar, layout_basic,
          chequers_ecumenical_altar_simple_redux, minmay_pentomino_u2
D:2:      layout_loops_cross
D:3:      layout_basic, lemuel_crystal_altar, mainiacjoe_overflow_brackets
D:4:      kennysheep_the_goblin_king, layout_basic,
          minmay_temple_entry_antechambers, dreamdust_gnoll_farm
D:5:      minmay_bubble_buster, layout_gridville, lemuel_round_altar,
          kennysheep_little_box
D:6:      layout_loops_ring, elyvilon_altar_4, lemuel_tele_altar,
          gammafunk_ghost_grave, serial_shops, shop, uniq_blork_the_orc
Temple:   grunt_temple_mini_profane

Skill      XL: |  1  2  3  4  5  6  7  8 |
---------------+-------------------------+-----
Maces & Flails | 3 4 5 6 8 9 |  9.9
Fighting       | |  3.2
Dodging        | |  1.7
Stealth        | |  6.0

Action                     |  1- 3 |  4- 6 |  7- 9 || total
---------------------------+-------+-------+-------++-------
  Melee: Mace              |    35 |   183 |       ||   218
         Punch             |     1 |     1 |     1 ||     3
         Flail             |       |    13 |    99 ||   112
         Giant club        |       |       |    28 ||    28
    Use: Scroll            |       |       |     3 ||     3
         Potion            |       |       |     3 ||     3
   Stab: Sleeping          |     1 |    20 |     1 ||    22
         Distracted        |       |     1 |     2 ||     3
 Armour: Leather armour    |    10 |     3 |       ||    13
         Robe              |       |    34 |    44 ||    78
  Dodge: Dodged            |    33 |   126 |   109 ||   268
